 Dungeon Crawl Stone Soup version 0.15.0-27-gbdb0435 (webtiles) character file.

437 RobertPalmer the Slasher (level 6, -1/36 HPs)
             Began as a High Elf Ice Elementalist on Sept 11, 2014.
             Was a Follower of Dithmenos.
             Killed by divine providence
             ... invoked by an orc priest
              (16 damage)
             ... on Level 5 of the Dungeon.
             The game lasted 00:19:39 (5416 turns).

RobertPalmer the Slasher (HEIE)                     Turns: 5416, Time: 00:19:40

HP  -1/36        AC  6     Str  7      XL: 6   Next: 69%
MP  15/15        EV 11     Int 19      God: Dithmenos [*.....]
Gold 59          SH  0     Dex 23      Spells:  2 memorised,  5 levels left

rFire  + . .     SeeInvis .     a - +1 falchion (venom)
rCold  . . .     Clarity  .     A - +2 leather armour {rF+}
rNeg   . . .     rCorr    .     (no shield)
rPois  .         rRot     .     (no helmet)
rElec  .         Spirit   .     (no cloak)
SustAb .         Warding  .     f - +0 pair of gloves
rMut   .         Stasis   .     (no boots)
Gourm  .                        (no amulet)
MR     .....                    (no ring)
                                m - +5 ring of dexterity

@: wreathed by umbra, not resistant to hostile enchantments, fairly stealthy
A: no striking features
a: Renounce Religion


You were on level 5 of the Dungeon.
You worshipped Dithmenos.
Dithmenos was aware of your devotion.
You were not hungry.

You visited 1 branch of the dungeon, and saw 5 of its levels.

You collected 306 gold pieces.
You spent 247 gold pieces at shops.


   Skills:
 + Level 6.5 Long Blades
 - Level 2.1 Dodging
 - Level 2.1 Stealth
 - Level 2.4 Spellcasting
   Level 1.1 Conjurations
 - Level 5.1 Ice Magic


You had 5 spell levels left.
You knew the following spells:

 Your Spells              Type           Power        Failure   Level  Hunger
a - Ozocubu's Armour      Chrm/Ice       ##......     17%         3    ###....
z - Freeze                Ice            ###.         1%          1    #......

Inventory:

Hand weapons
 a - a +1 falchion of venom (weapon)
Missiles
 t - 10 poisoned needles
 u - 6 needles of frenzy
Armour
 f - a +0 pair of gloves (worn)
 A - a +2 leather armour of fire resistance (worn)
Magical devices
 x - a wand of disintegration (0)
Comestibles
 c - 3 bread rations
 j - 3 meat rations
 p - a fruit
 C - 2 rotting chunks of orc flesh {@*1}
 D - 3 chunks of orc flesh {@*1}
 E - a chunk of goblin flesh {@*1}
Scrolls
 h - a scroll of magic mapping {unknown}
 i - a scroll of random uselessness {unknown}
 k - a scroll of amnesia {unknown}
 n - 2 scrolls of remove curse {unknown}
 o - a scroll of blinking {unknown}
 s - a scroll of enchant weapon {unknown}
 w - a scroll of teleportation {unknown}
 B - a scroll of recharging {unknown}
Jewellery
 m - a +5 ring of dexterity (left hand)
 y - an uncursed ring of positive energy {unknown}
Potions
 d - 2 potions of haste {unknown}
 e - a potion of poison {unknown}
 g - 3 potions of brilliance {unknown}
 l - 5 potions of curing {unknown}
 q - a potion of flight {unknown}
 r - a potion of degeneration {unknown}
 v - a potion of restore abilities {unknown}
 z - a potion of might {unknown}
Books
 b - a book of Frost

Dungeon Overview and Level Annotations

Branches:
Dungeon (5/15)
 Temple: D:4-7

Altars:
Dithmenos
Kikubaaqudgha
The Shining One

Shops:
D:4 [   D:5 :

Annotations:
D:4 Natasha
D:5 RobertPalmer's ghost, experienced HEIE

#......##
#.# ##..##.#
#g# .......#
#o# ##..####
#.# #..#
#########.#
.8## #W.#
#....ogo..#
..####..#
#.#########
..>#.#..#
#o#
...##....#
#@# #..# #.#
###..# #.#
####....#
#<#
#...##.##
#.# ##.###.#
#.#
###.###.#
#.#
......∩.###
#.#
............
#.#


You could see an orc priest.


Message History

You smell something rotten. (slot C)
You finish butchering the goblin corpse.
E - a chunk of goblin flesh {@*1}
Items here: % ( )) an uncursed hunting sling; 15 stones; a war axe; a goblin skeleton
There is a stone staircase leading down here.
You climb downwards.
Level annotation: RobertPalmer's ghost, experienced HEIE The orc priest becomes somewhat translucent.
There is a stone staircase leading up here.
The orc priest's eyes start to glow.
The orc priest mumbles some strange prayers to Beogh against you.
Something smites you!
You hit the orc priest but do no damage.
The orc priest is poisoned.
The orc priest looks braver.
You hit the orc priest but do no damage.
The orc priest is lightly wounded.
The orc priest hits you with a mace.
You barely miss the orc priest.
The orc priest is lightly wounded.
The orc priest mumbles some strange prayers to Beogh against you.
Pain shoots through your body!
* * * LOW HITPOINT WARNING * * *
You hit the orc priest but do no damage.
The orc priest looks even sicker.
The orc priest is moderately wounded.
The orc priest calls down the wrath of Beogh upon you.
Something smites you!
You die...

Action                   |  1- 3 |  4- 6 || total
-------------------------+-------+-------++-------
Melee: Short sword       |    64 |    18 ||    82
       Unarmed           |     3 |       ||     3
       Falchion          |       |    92 ||    92
 Cast: Freeze            |    24 |    23 ||    47
       Ozocubu's Armour  |       |     7 ||     7
Evoke: Wand              |       |     7 ||     7
  Use: Scroll            |     1 |       ||     1
 Stab: Sleeping          |     9 |       ||     9
  Eat: Chunk             |     5 |    10 ||    15

Vault maps used:
D:1:      dpeg_arrival_castle, minmay_misc_feat_iff, bh_walls_and_bars
D:2:      lemuel_round_altar, grunt_dithmenos_smoke_and_mirrors, first_bread
D:3:      serial_glass, glass_columns_b, glass_columns_a
D:4:      kennysheep_big_flooded_room, serial_shops, nicolae_shop_stone,
          st_stairs_1, uniq_natasha
D:5:      nicolae_overflow_hidden_temple, serial_shops, shop

Notes
Turn   | Place    | Note
--------------------------------------------------------------
     0 | D:1      | RobertPalmer, the High Elf Ice Elementalist, began the quest for the Orb.
     0 | D:1      | Reached XP level 1. HP: 11/11 MP: 4/4
   329 | D:1      | Reached XP level 2. HP: 4/17 MP: 1/6
  1145 | D:2      | Reached skill level 4 in Ice Magic
  1316 | D:2      | Found a shadowy altar of Dithmenos.
  1345 | D:2      | Became a worshipper of Dithmenos the Shadowed
  1457 | D:2      | Found an ancient bone altar of Kikubaaqudgha.
  1762 | D:3      | Reached XP level 3. HP: 14/21 MP: 6/8
  2183 | D:3      | Learned a level 3 spell: Ozocubu's Armour
  2405 | D:3      | Reached XP level 4. HP: 14/27 MP: 8/11
  2549 | D:3      | Reached skill level 5 in Ice Magic
  2710 | D:4      | Found Fucuma's Armour Boutique.
  3037 | D:4      | Reached skill level 2 in Long Blades
  3264 | D:4      | Reached XP level 5. HP: 9/31 MP: 4/12
  3540 | D:4      | Reached skill level 3 in Long Blades
  3556 | D:4      | Noticed a giant frog
  3800 | D:4      | Reached skill level 4 in Long Blades
  3830 | D:4      | Noticed Natasha
  3923 | D:4      | Killed a giant frog
  3923 | D:4      | Reached skill level 5 in Long Blades
  3923 | D:4      | Reached XP level 6. HP: 33/36 MP: 11/15
  3959 | D:4      | Bought a +2 leather armour of fire resistance for 247 gold pieces
  4191 | D:5      | Entered Level 5 of the Dungeon
  4373 | D:5      | Found a glowing golden altar of the Shining One.
  4402 | D:5      | Found Thruludgh's Book Shoppe.
  4415 | D:5      | Noticed RobertPalmer's ghost (experienced HEIE)
  4621 | D:4      | Killed Natasha
  4621 | D:4      | Reached skill level 6 in Long Blades
  4699 | D:4      | Noticed Natasha
  4703 | D:4      | Killed Natasha
  4756 | D:4      | Noticed Natasha
  5416 | D:5      | Killed from afar by an orc priest

Vanquished Creatures
  A giant frog (D:4)
  4 hounds
  Natasha (twice) (D:4)
  A worker ant (D:4)
  2 iguanas (D:4)
  An ogre skeleton (D:5)
  3 adders (D:3)
  A worm (D:5)
  2 giant mites
  3 giant geckos
  An ooze (D:5)
  5 orcs
  9 giant cockroaches
  10 goblins
  8 hobgoblins
  A ball python (D:4)
  9 bats
  4 giant newts
  2 jackals (D:2)
  5 kobolds
  A kobold skeleton (D:4)
  10 rats
85 creatures vanquished.
